[Event "XIV Closed IM BCC 2021"]
[Site "Barcelona"]
[Date "2021.05.03"]
[Round "1.1"]
[White "Boyer, Mahel"]
[Black "Msellek, Ilyass"]
[Result "1/2-1/2"]
[ECO "C10"]
[WhiteElo "2333"]
[BlackElo "2342"]
[Annotator "NA"]
[PlyCount "27"]
[EventDate "2021.05.03"]
[EventType "tourn"]
[EventCountry "ESP"]
[SourceTitle "playchess.com"]
[Source "ChessBase"]
[SourceQuality "1"]
[TimeControl "5400+30"]

1. e4 e6 2. d4 d5 3. Nc3 dxe4 4. Nxe4 Bd7 5. Nf3 Bc6 6. Neg5 Nd7 7. Nxf7 Kxf7 8. Ng5+ Ke8 9. Nxe6 Qe7 10. Qe2 Kf7 11. Ng5+ Ke8 12. Ne6 Kf7 13. Ng5+ Ke8 14. Ne6 1/2-1/2

[Event "XIV Closed IM BCC 2021"]
[Site "Barcelona"]
[Date "2021.05.04"]
[Round "2.1"]
[White "Msellek, Ilyass"]
[Black "Munoz, Miguel"]
[Result "1/2-1/2"]
[ECO "B01"]
[WhiteElo "2342"]
[BlackElo "2462"]
[Annotator "ChessBase"]
[PlyCount "75"]
[EventDate "2021.05.03"]
[EventType "tourn"]
[EventCountry "ESP"]
[SourceTitle "playchess.com"]
[Source "ChessBase"]
[SourceQuality "1"]
[TimeControl "5400+30"]

1. e4 d5 2. exd5 Qxd5 3. Nc3 Qa5 4. d4 Nf6 5. Nf3 Bg4 6. h3 Bxf3 7. Qxf3 c6 8. Bd2 Nbd7 9. O-O-O e6 10. Bd3 Bb4 11. a3 Bxc3 12. Bxc3 Qd5 13. Qg3 O-O 14. Rhe1 Qa2 15. d5 cxd5 16. Kd2 d4 17. Bxd4 Rac8 18. c4 Kh8 19. Kc2 b5 20. Ra1 Rxc4+ 21. Kd2 Qb3 22. Bxc4 Qxc4 23. Qd3 Qc6 24. Rac1 Qxg2 25. Rc7 Nb6 26. Kc2 Rd8 27. Rxf7 Kg8 28. Rc7 Nbd5 29. Rc5 Nf4 30. Qg3 Rxd4 31. Rc8+ Kf7 32. Rc7+ Nd7 33. Rxd7+ Rxd7 34. Qxf4+ Ke7 35. Qh4+ Kf7 36. Qf4+ Ke7 37. Qh4+ Kf7 38. Qf4+ 1/2-1/2

[Event "XIV Closed IM BCC 2021"]
[Site "Barcelona"]
[Date "2021.05.04"]
[Round "2.2"]
[White "Ryan, Joseph"]
[Black "Perez Perez, Gabriel"]
[Result "1/2-1/2"]
[ECO "A05"]
[WhiteElo "2271"]
[BlackElo "2079"]
[Annotator "NA"]
[PlyCount "60"]
[EventDate "2021.05.03"]
[EventType "tourn"]
[EventCountry "ESP"]
[SourceTitle "playchess.com"]
[Source "ChessBase"]
[SourceQuality "1"]
[TimeControl "5400+30"]

1. Nf3 Nf6 2. c4 g6 3. b3 Bg7 4. Bb2 O-O 5. g3 c5 6. Bg2 d5 7. cxd5 Nxd5 8. Bxg7 Kxg7 9. O-O Nc6 10. d4 cxd4 11. Nxd4 Ndb4 12. Nxc6 Nxc6 13. Nc3 Qa5 14. Qc2 Bd7 15. Rfd1 Rfd8 16. Qb2 f6 17. Nd5 Be6 18. Nf4 Bf7 19. h4 Rxd1+ 20. Rxd1 Rd8 21. Rxd8 Qxd8 22. Qc2 e5 23. Nd3 Nd4 24. Qd2 Bd5 25. Bxd5 Qxd5 26. Ne1 Qc6 27. e3 Qc1 28. Qb4 Nc2 29. Qe7+ Kg8 30. Qe8+ Kg7 1/2-1/2

[Event "XIV Closed IM BCC 2021"]
[Site "Barcelona"]
[Date "2021.05.04"]
[Round "2.3"]
[White "Benedetti, Julio"]
[Black "Kuhn, Clement"]
[Result "1/2-1/2"]
[ECO "C06"]
[WhiteElo "2282"]
[BlackElo "2252"]
[Annotator "NA"]
[PlyCount "147"]
[EventDate "2021.05.03"]
[EventType "tourn"]
[EventCountry "ESP"]
[SourceTitle "playchess.com"]
[Source "ChessBase"]
[SourceQuality "1"]
[TimeControl "5400+30"]

1. e4 e6 2. d4 d5 3. Nd2 Nf6 4. e5 Nfd7 5. Bd3 c5 6. c3 Nc6 7. Ne2 cxd4 8. cxd4 f6 9. exf6 Nxf6 10. Nf3 Bd6 11. O-O Qc7 12. Bg5 O-O 13. Bh4 Nh5 14. Qc2 h6 15. Bh7+ Kh8 16. Bg6 Rxf3 17. Bxh5 Rf5 18. Bg6 Bxh2+ 19. Kh1 Bd6 20. Bxf5 exf5 21. Rae1 Qf7 22. Bg3 Bb4 23. Rd1 Bd7 24. a3 Ba5 25. Be5 Nxe5 26. dxe5 Bb5 27. Kg1 Re8 28. b4 Bc7 29. e6 Bh2+ 30. Kxh2 Qh5+ 31. Kg1 Bxe2 32. f3 Bxf1 33. Kxf1 Rxe6 34. Kg1 Re8 35. Qf2 Qg5 36. Rxd5 Qc1+ 37. Kh2 Qxa3 38. Qc5 f4 39. Rd7 Qa1 40. Rd4 b6 41. Qd6 Qe1 42. Qxf4 Qe5 43. Qxe5 Rxe5 44. Rd7 Rb5 45. Rxa7 Rxb4 46. Kg3 Kh7 47. Kf2 Rb2+ 48. Kg3 b5 49. Rb7 b4 50. Kf4 Rxg2 51. Rxb4 Kg6 52. Rb5 Rg5 53. Rb6+ Kh5 54. Rb1 Rg2 55. Rh1+ Kg6 56. Ra1 h5 57. Ra6+ Kh7 58. Ke3 g6 59. f4 h4 60. Kf3 Rg3+ 61. Kf2 Kg7 62. Rb6 Kf7 63. Ra6 Rb3 64. Kg2 Re3 65. Ra7+ Kg8 66. Rb7 Rg3+ 67. Kf2 Rg4 68. Kf3 Rg1 69. Kf2 Ra1 70. Kg2 Ra4 71. Kf3 Ra3+ 72. Kg4 h3 73. Rb2 Kg7 74. Rh2 1/2-1/2

[Event "XIV Closed IM BCC 2021"]
[Site "Barcelona"]
[Date "2021.05.04"]
[Round "2.4"]
[White "Asis Gargatagli, Hipolito"]
[Black "Dalaud, Dorian"]
[Result "1-0"]
[ECO "B30"]
[WhiteElo "2454"]
[BlackElo "2306"]
[Annotator "ChessBase"]
[PlyCount "73"]
[EventDate "2021.05.03"]
[EventType "tourn"]
[EventCountry "ESP"]
[SourceTitle "playchess.com"]
[Source "ChessBase"]
[SourceQuality "1"]
[TimeControl "5400+30"]

1. e4 c5 2. Nf3 Nc6 3. Bb5 d6 4. O-O Bg4 5. h3 Bh5 6. c3 Nf6 7. d4 cxd4 8. cxd4 d5 9. exd5 Bxf3 10. Qxf3 Qxd5 11. Qd3 Rd8 12. Nc3 Qxd4 13. Qf3 Qb6 14. Be3 Qc7 15. Bf4 Qc8 16. Bg5 e6 17. Bxf6 gxf6 18. Qxf6 Rg8 19. Rad1 Rg6 20. Bxc6+ bxc6 21. Qh8 Rg7 22. Ne4 Ke7 23. Ng3 Rd5 24. Rxd5 cxd5 25. Nh5 Rg6 26. Qd4 Qc7 27. Re1 Kd8 28. Qh8 Ke7 29. Ng3 Qf4 30. Qc3 Qc4 31. Qa3+ Ke8 32. Qxa7 Bc5 33. Qb8+ Kd7 34. Qb7+ Ke8 35. Nf5 Bxf2+ 36. Kh1 Qc5 37. b4 1-0

[Event "XIV Closed IM BCC 2021"]
[Site "Barcelona"]
[Date "2021.05.04"]
[Round "2.5"]
[White "Boyer, Mahel"]
[Black "Martin Barcelo, Carles"]
[Result "1-0"]
[ECO "C02"]
[WhiteElo "2333"]
[BlackElo "2201"]
[Annotator "NA"]
[PlyCount "93"]
[EventDate "2021.05.03"]
[EventType "tourn"]
[EventCountry "ESP"]
[SourceTitle "playchess.com"]
[Source "ChessBase"]
[SourceQuality "1"]
[TimeControl "5400+30"]

1. e4 e6 2. d4 d5 3. e5 c5 4. c3 Nc6 5. Nf3 Bd7 6. Be2 f6 7. O-O Qc7 8. Re1 fxe5 9. Nxe5 Nxe5 10. dxe5 O-O-O 11. Bf1 Nh6 12. a4 Nf5 13. Na3 Kb8 14. b4 cxb4 15. cxb4 Bxb4 16. Bd2 Bxd2 17. Qxd2 Rc8 18. Bb5 Bc6 19. Rab1 Ka8 20. Bd3 Rhf8 21. a5 Qe7 22. Nc2 g5 23. Rbc1 Bd7 24. a6 b6 25. Bxf5 Rxf5 26. Ne3 Rff8 27. Nxd5 Qd8 28. Nf6 Bb5 29. Qa2 Qe7 30. Ne4 Qb4 31. Qxe6 Bxa6 32. Rb1 Qd4 33. Rbd1 Qb2 34. Nf6 Bb7 35. Qf5 Rc7 36. h3 Re7 37. Rd7 Qb4 38. Red1 a5 39. e6 Bc6 40. R7d6 Kb7 41. Rxc6 Kxc6 42. Qd5+ Kc7 43. Nd7 Qf4 44. Nxf8 Qxf8 45. Rc1+ Kb8 46. Qd6+ Ka8 47. Rc7 1-0

[Event "XIV Closed IM BCC 2021"]
[Site "Barcelona"]
[Date "2021.05.05"]
[Round "3.1"]
[White "Martin Barcelo, Carles"]
[Black "Msellek, Ilyass"]
[Result "1/2-1/2"]
[ECO "B40"]
[WhiteElo "2201"]
[BlackElo "2342"]
[Annotator "NA"]
[PlyCount "51"]
[EventDate "2021.05.03"]
[EventType "tourn"]
[EventCountry "ESP"]
[SourceTitle "playchess.com"]
[Source "ChessBase"]
[SourceQuality "1"]
[TimeControl "5400+30"]

1. e4 c5 2. Nf3 e6 3. b3 b6 4. Bb2 Bb7 5. Nc3 Nc6 6. d4 cxd4 7. Nxd4 Nf6 8. Nxc6 Bxc6 9. Bd3 Bb4 10. O-O Qc7 11. Qe2 Qe5 12. Nd1 Qh5 13. Qxh5 Nxh5 14. g3 Nf6 15. a3 Be7 16. Re1 b5 17. Nc3 a6 18. a4 b4 19. Nb1 Bc5 20. h3 d6 21. Nd2 Ke7 22. Bf1 h5 23. Bg2 Nd7 24. Nc4 Rac8 25. Rad1 f6 26. Bd4 1/2-1/2

[Event "XIV Closed IM BCC 2021"]
[Site "Barcelona"]
[Date "2021.05.05"]
[Round "3.3"]
[White "Kuhn, Clement"]
[Black "Asis Gargatagli, Hipolito"]
[Result "0-1"]
[ECO "C78"]
[WhiteElo "2252"]
[BlackElo "2454"]
[Annotator "ChessBase"]
[PlyCount "54"]
[EventDate "2021.05.03"]
[EventType "tourn"]
[EventCountry "ESP"]
[SourceTitle "playchess.com"]
[Source "ChessBase"]
[SourceQuality "1"]
[TimeControl "5400+30"]

1. e4 e5 2. Nf3 Nc6 3. Bb5 a6 4. Ba4 Nf6 5. O-O Bc5 6. c3 b5 7. Bc2 d5 8. exd5 Qxd5 9. d4 exd4 10. Re1+ Be6 11. Bb3 Qd6 12. Bxe6 fxe6 13. Qb3 O-O-O 14. Qxe6+ Qxe6 15. Rxe6 Kb7 16. Bg5 Rhe8 17. Rxe8 Rxe8 18. Bxf6 gxf6 19. Kf1 d3 20. Ne1 Ne5 21. Nd2 Bb6 22. Nb3 c5 23. Nd2 c4 24. f3 f5 25. b3 Be3 26. Rd1 Bxd2 27. Rxd2 b4 0-1

[Event "XIV Closed IM BCC 2021"]
[Site "Barcelona"]
[Date "2021.05.05"]
[Round "3.4"]
[White "Perez Perez, Gabriel"]
[Black "Benedetti, Julio"]
[Result "1/2-1/2"]
[ECO "B90"]
[WhiteElo "2079"]
[BlackElo "2282"]
[Annotator "NA"]
[PlyCount "67"]
[EventDate "2021.05.03"]
[EventType "tourn"]
[EventCountry "ESP"]
[SourceTitle "playchess.com"]
[Source "ChessBase"]
[SourceQuality "1"]
[TimeControl "5400+30"]

1. e4 c5 2. Nf3 d6 3. d4 cxd4 4. Nxd4 Nf6 5. Nc3 a6 6. Rg1 e6 7. g4 h6 8. h4 Nfd7 9. g5 hxg5 10. hxg5 Ne5 11. Be3 Qc7 12. f4 Nc4 13. Bxc4 Qxc4 14. Qd3 Qxd3 15. cxd3 Rh3 16. Kd2 Rh2+ 17. Nde2 b5 18. Rh1 Rxh1 19. Rxh1 Bd7 20. Rh8 b4 21. Nd1 Nc6 22. Nd4 Ne7 23. Nf3 Ng6 24. Rh7 Rc8 25. Nh4 a5 26. Nxg6 fxg6 27. Bd4 Kf7 28. Ne3 Kg8 29. Rh1 Bb5 30. b3 Be7 31. Nc4 Rf8 32. Be3 Kf7 33. a4 bxa3 34. Nxa3 1/2-1/2

[Event "XIV Closed IM BCC 2021"]
[Site "Barcelona"]
[Date "2021.05.05"]
[Round "3.5"]
[White "Munoz, Miguel"]
[Black "Ryan, Joseph"]
[Result "1/2-1/2"]
[ECO "C06"]
[WhiteElo "2462"]
[BlackElo "2271"]
[Annotator "ChessBase"]
[PlyCount "55"]
[EventDate "2021.05.03"]
[EventType "tourn"]
[EventCountry "ESP"]
[SourceTitle "playchess.com"]
[Source "ChessBase"]
[SourceQuality "1"]
[TimeControl "5400+30"]

1. e4 e6 2. d4 d5 3. Nd2 Nf6 4. e5 Nfd7 5. Bd3 c5 6. c3 Nc6 7. Ne2 cxd4 8. cxd4 f6 9. exf6 Nxf6 10. O-O Bd6 11. f4 Qb6 12. Nf3 O-O 13. Kh1 Bd7 14. Nc3 Rac8 15. a3 Ne7 16. Ne5 Be8 17. Qf3 Bxe5 18. dxe5 Nd7 19. Qe2 Bg6 20. Bb5 Nc5 21. Be3 Qd8 22. Rad1 Nf5 23. Bf2 a6 24. Bc4 Kh8 25. Ba2 Ne7 26. Bd4 Ne4 27. Kg1 Qe8 28. g4 1/2-1/2

[Event "XIV Closed IM BCC 2021"]
[Site "Barcelona"]
[Date "2021.05.06"]
[Round "4.2"]
[White "Benedetti, Julio"]
[Black "Munoz, Miguel"]
[Result "0-1"]
[ECO "B01"]
[WhiteElo "2282"]
[BlackElo "2462"]
[Annotator "RC"]
[PlyCount "58"]
[EventDate "2021.05.03"]
[EventType "tourn"]
[EventCountry "ESP"]
[SourceTitle "playchess.com"]
[Source "ChessBase"]
[SourceQuality "1"]
[TimeControl "5400+30"]

1. e4 d5 2. exd5 Qxd5 3. Nc3 Qa5 4. d4 Nf6 5. Bc4 Bg4 6. f3 Bd7 7. Bd2 Qb6 8. Qe2 Nc6 9. Na4 Qxd4 10. Bc3 Qh4+ 11. g3 Qg5 12. Rd1 O-O-O 13. Bxf7 e5 14. Qc4 Qe3+ 15. Ne2 Qxf3 16. Rf1 Qe4 17. Qb3 Be7 18. Rxd7 Rxd7 19. Be6 Rhd8 20. Bf5 Qe3 21. Qf7 b5 22. g4 Ne4 23. Qd5 Bh4+ 24. Kd1 bxa4 25. Nd4 Nxc3+ 26. bxc3 Qxc3 27. Nb5 Qc5 28. c4 Nb4 29. Nxa7+ Qxa7 0-1

[Event "XIV Closed IM BCC 2021"]
[Site "Barcelona"]
[Date "2021.05.07"]
[Round "5.1"]
[White "Dalaud, Dorian"]
[Black "Msellek, Ilyass"]
[Result "0-1"]
[ECO "B56"]
[WhiteElo "2306"]
[BlackElo "2342"]
[Annotator "NA"]
[PlyCount "76"]
[EventDate "2021.05.03"]
[EventType "tourn"]
[EventCountry "ESP"]
[SourceTitle "playchess.com"]
[Source "ChessBase"]
[SourceQuality "1"]
[TimeControl "5400+30"]

1. e4 c5 2. Nf3 d6 3. d4 Nf6 4. Nc3 cxd4 5. Nxd4 Nc6 6. f3 e5 7. Nb3 Be6 8. Nd5 Be7 9. c4 O-O 10. Be3 Nd7 11. Be2 a5 12. O-O a4 13. Nd2 Bg5 14. Bf2 Qa5 15. Nb1 Bxd5 16. exd5 Nd4 17. Bxd4 exd4 18. f4 Bf6 19. Bd3 Rfe8 20. Na3 Nc5 21. Nc2 h6 22. Rb1 Re7 23. b4 axb3 24. axb3 Qc3 25. Rf3 Re3 26. Nxe3 dxe3 27. Bf1 Bd4 28. Kh1 Ra2 29. b4 Ne4 30. Qd3 Qxd3 31. Bxd3 Nd2 32. Re1 Nxf3 33. gxf3 Rd2 34. Be2 Rb2 35. Kg1 Bc3 36. Rc1 Bxb4 37. Kf1 g6 38. Rd1 Bc5 0-1

[Event "XIV Closed IM BCC 2021"]
[Site "Barcelona"]
[Date "2021.05.07"]
[Round "5.2"]
[White "Kuhn, Clement"]
[Black "Martin Barcelo, Carles"]
[Result "1-0"]
[ECO "E63"]
[WhiteElo "2252"]
[BlackElo "2201"]
[Annotator "NA"]
[PlyCount "99"]
[EventDate "2021.05.03"]
[EventType "tourn"]
[EventCountry "ESP"]
[SourceTitle "playchess.com"]
[Source "ChessBase"]
[SourceQuality "1"]
[TimeControl "5400+30"]

1. d4 Nf6 2. Nf3 g6 3. g3 Bg7 4. Bg2 O-O 5. c4 d6 6. Nc3 Nc6 7. O-O a6 8. h3 Bd7 9. e4 e5 10. d5 Ne7 11. Ne1 Ne8 12. Nd3 c5 13. dxc6 Nxc6 14. Be3 Nc7 15. Bb6 Qc8 16. Nd5 Ne6 17. c5 dxc5 18. Bxc5 Nxc5 19. Nxc5 Be6 20. Nb6 Qc7 21. Nxa8 Rxa8 22. Nxe6 fxe6 23. Rc1 Qe7 24. Qb3 Bh6 25. Rc3 Rf8 26. Qb6 Rd8 27. Bf3 Bd2 28. Rxc6 bxc6 29. Qxc6 a5 30. Bd1 Kf7 31. Bb3 h5 32. Rd1 Rd6 33. Qc5 h4 34. Qxe5 hxg3 35. Rxd2 Rxd2 36. Qf4+ Kg7 37. Qxd2 gxf2+ 38. Qxf2 Qg5+ 39. Kh1 Qc1+ 40. Kh2 Qc7+ 41. Qg3 Qc1 42. Qe5+ Kh7 43. Qxe6 Qd2+ 44. Kg3 Qe3+ 45. Kg4 Kh6 46. Qf6 Qg1+ 47. Kf4 Qh2+ 48. Ke3 Qg1+ 49. Qf2 Qc1+ 50. Qd2 1-0

[Event "XIV Closed IM BCC 2021"]
[Site "Barcelona"]
[Date "2021.05.07"]
[Round "5.3"]
[White "Perez Perez, Gabriel"]
[Black "Boyer, Mahel"]
[Result "0-1"]
[ECO "B00"]
[WhiteElo "2079"]
[BlackElo "2333"]
[Annotator "NA"]
[PlyCount "108"]
[EventDate "2021.05.03"]
[EventType "tourn"]
[EventCountry "ESP"]
[SourceTitle "playchess.com"]
[Source "ChessBase"]
[SourceQuality "1"]
[TimeControl "5400+30"]

1. e4 Nc6 2. Nf3 d6 3. d4 Nf6 4. Nc3 g6 5. h3 Bg7 6. Be2 O-O 7. Bg5 a6 8. O-O b5 9. Qd3 h6 10. Bf4 e6 11. Rad1 Qe7 12. e5 dxe5 13. dxe5 Nd7 14. Qe3 g5 15. Bg3 Bb7 16. a4 b4 17. Ne4 Rfd8 18. b3 Rab8 19. Rxd7 Qxd7 20. Nc5 Qc8 21. h4 g4 22. Nh2 Nd4 23. Nxg4 Nf5 24. Qc1 Rd4 25. Nxb7 Qxb7 26. Bf3 Qb6 27. Bf4 h5 28. Nf6+ Bxf6 29. exf6 Nxh4 30. Be5 Kh7 31. Qe3 Nxf3+ 32. Qxf3 Rg4 33. Qd3+ Kg8 34. Qd7 Rf8 35. Rd1 Qb7 36. g3 Qe4 37. Bxc7 h4 38. Qd3 Rc8 39. f3 Qxd3 40. Rxd3 Rg6 41. Be5 hxg3 42. Rd2 g2 43. f4 Rc5 44. Rxg2 Rxc2 45. Rxg6+ fxg6 46. Kf1 Rc1+ 47. Ke2 Rb1 48. Kd3 Rxb3+ 49. Kc4 Rb1 50. a5 Kf7 51. Kc5 b3 52. Kb6 Re1 53. Bd4 Re4 54. Bc3 Rb4+ 0-1

[Event "XIV Closed IM BCC 2021"]
[Site "Barcelona"]
[Date "2021.05.07"]
[Round "5.4"]
[White "Munoz, Miguel"]
[Black "Asis Gargatagli, Hipolito"]
[Result "1/2-1/2"]
[ECO "C65"]
[WhiteElo "2462"]
[BlackElo "2454"]
[Annotator "ChessBase"]
[PlyCount "20"]
[EventDate "2021.05.03"]
[EventType "tourn"]
[EventCountry "ESP"]
[SourceTitle "playchess.com"]
[Source "ChessBase"]
[SourceQuality "1"]
[TimeControl "5400+30"]

1. e4 e5 2. Nf3 Nc6 3. Bb5 Nf6 4. Bxc6 dxc6 5. d3 Nd7 6. Nbd2 Be7 7. Nf1 f6 8. Ng3 Nc5 9. Be3 O-O 10. O-O a5 1/2-1/2

[Event "XIV Closed IM BCC 2021"]
[Site "Barcelona"]
[Date "2021.05.07"]
[Round "5.5"]
[White "Ryan, Joseph"]
[Black "Benedetti, Julio"]
[Result "0-1"]
[ECO "A09"]
[WhiteElo "2271"]
[BlackElo "2282"]
[Annotator "NA"]
[PlyCount "94"]
[EventDate "2021.05.03"]
[EventType "tourn"]
[EventCountry "ESP"]
[SourceTitle "playchess.com"]
[Source "ChessBase"]
[SourceQuality "1"]
[TimeControl "5400+30"]

1. Nf3 d5 2. c4 dxc4 3. Na3 a6 4. Nxc4 b5 5. Nce5 f6 6. Nd3 e5 7. e4 Qd7 8. Nh4 g6 9. Qe2 Nc6 10. Nf3 Bb7 11. b3 Nd8 12. Bb2 Ne6 13. g3 Rd8 14. Nc1 Qc6 15. Bg2 Qxe4 16. O-O Bh6 17. Qxe4 Bxe4 18. d3 Bd5 19. Re1 Ne7 20. Rd1 Nc6 21. Ne2 Nb4 22. Ne1 c5 23. f4 Bxg2 24. Kxg2 Nd5 25. Kf3 O-O 26. Ng2 Rd7 27. Rd2 Rfd8 28. Rad1 Nb4 29. Ne1 Nxa2 30. Bxe5 fxe5 31. Rxa2 exf4 32. Rxa6 Ng5+ 33. Kxf4 Nh3+ 34. Kf3 Rf8+ 35. Kg2 Nf2 36. Rda1 Nxd3 37. Nf3 Re7 38. Neg1 b4 39. Ra8 Nc1 40. Rxf8+ Kxf8 41. Rb1 Ke8 42. h4 Be3 43. Rb2 Bxg1 44. Nxg1 Re3 45. Rc2 Rc3 46. Rxc3 bxc3 47. Nf3 Nd3 0-1

[Event "XIV Closed IM BCC 2021"]
[Site "Barcelona"]
[Date "2021.05.09"]
[Round "6.1"]
[White "Msellek, Ilyass"]
[Black "Benedetti, Julio"]
[Result "1-0"]
[ECO "B30"]
[WhiteElo "2342"]
[BlackElo "2282"]
[Annotator "NA"]
[PlyCount "73"]
[EventDate "2021.05.03"]
[EventType "tourn"]
[EventCountry "ESP"]
[SourceTitle "playchess.com"]
[Source "ChessBase"]
[SourceQuality "1"]
[TimeControl "5400+30"]

1. e4 c5 2. Nf3 Nc6 3. b4 cxb4 4. d4 d5 5. exd5 Qxd5 6. c4 Qe4+ 7. Be3 Bf5 8. Nbd2 Qc2 9. Qxc2 Bxc2 10. d5 Na5 11. Be2 Bf5 12. Nb3 Nxb3 13. axb3 a6 14. c5 Rd8 15. c6 Bc8 16. Bb6 Rxd5 17. cxb7 Bxb7 18. Bxa6 Bxa6 19. Rxa6 f6 20. Ke2 Kf7 21. Rc1 e5 22. Rc7+ Be7 23. Raa7 Ke6 24. Rc8 g6 25. Raa8 Kf7 26. Nd2 h5 27. Nc4 Kg7 28. Be3 f5 29. Nb6 Rb5 30. f3 h4 31. h3 Bf6 32. Kd3 e4+ 33. Kc4 Re5 34. f4 Re6 35. Nd5 Bb2 36. Ra2 Ne7 37. Rxh8 1-0

[Event "XIV Closed IM BCC 2021"]
[Site "Barcelona"]
[Date "2021.05.09"]
[Round "6.2"]
[White "Asis Gargatagli, Hipolito"]
[Black "Ryan, Joseph"]
[Result "1-0"]
[ECO "C05"]
[WhiteElo "2454"]
[BlackElo "2271"]
[Annotator "ChessBase"]
[PlyCount "71"]
[EventDate "2021.05.03"]
[EventType "tourn"]
[EventCountry "ESP"]
[SourceTitle "playchess.com"]
[Source "ChessBase"]
[SourceQuality "1"]
[TimeControl "5400+30"]

1. e4 e6 2. d4 d5 3. Nd2 Nf6 4. e5 Nfd7 5. Ngf3 c5 6. c3 Nc6 7. Bd3 cxd4 8. cxd4 a5 9. O-O a4 10. Nb1 Be7 11. Nc3 Nb6 12. a3 Bd7 13. Bc2 h6 14. Re1 Na5 15. Nd2 Bc6 16. Qg4 Bf8 17. Re3 Qd7 18. Rb1 Nbc4 19. Rf3 b5 20. Na2 Rc8 21. Qh5 g6 22. Bxg6 fxg6 23. Qxg6+ Kd8 24. Qf6+ Kc7 25. Qxh8 Bxa3 26. Qxh6 Be7 27. Rf7 Bb7 28. Qg7 Re8 29. Nf3 Nc6 30. Bg5 Kb6 31. Nb4 N4a5 32. Rc1 Rc8 33. Nxc6 Nxc6 34. h4 b4 35. Rxc6+ Qxc6 36. Bxe7 1-0

[Event "XIV Closed IM BCC 2021"]
[Site "Barcelona"]
[Date "2021.05.09"]
[Round "6.3"]
[White "Boyer, Mahel"]
[Black "Munoz, Miguel"]
[Result "1/2-1/2"]
[ECO "D37"]
[WhiteElo "2333"]
[BlackElo "2462"]
[Annotator "ChessBase"]
[PlyCount "52"]
[EventDate "2021.05.03"]
[EventType "tourn"]
[EventCountry "ESP"]
[SourceTitle "playchess.com"]
[Source "ChessBase"]
[SourceQuality "1"]
[TimeControl "5400+30"]

1. d4 d5 2. c4 e6 3. Nc3 Nf6 4. Nf3 Be7 5. g3 O-O 6. Bg2 b6 7. O-O Bb7 8. Ne5 Ne4 9. Qc2 Nxc3 10. bxc3 Nd7 11. cxd5 Bxd5 12. Nc6 Qe8 13. Nxe7+ Qxe7 14. e4 Bb7 15. Bb2 c5 16. Rad1 cxd4 17. cxd4 Qb4 18. a3 Qb5 19. d5 Nc5 20. Rfe1 Rfe8 21. Qc3 e5 22. Qb4 Ba6 23. Re3 Qd7 24. f4 f6 25. Qe1 Qd6 26. f5 Rac8 1/2-1/2

[Event "XIV Closed IM BCC 2021"]
[Site "Barcelona"]
[Date "2021.05.09"]
[Round "6.4"]
[White "Martin Barcelo, Carles"]
[Black "Perez Perez, Gabriel"]
[Result "1/2-1/2"]
[ECO "B31"]
[WhiteElo "2201"]
[BlackElo "2079"]
[Annotator "NA"]
[PlyCount "200"]
[EventDate "2021.05.03"]
[EventType "tourn"]
[EventCountry "ESP"]
[SourceTitle "playchess.com"]
[Source "ChessBase"]
[SourceQuality "1"]
[TimeControl "5400+30"]

1. e4 c5 2. Nf3 Nc6 3. Bb5 g6 4. Bxc6 dxc6 5. d3 Bg7 6. h3 e5 7. a4 f6 8. a5 Be6 9. Be3 b6 10. Na3 Nh6 11. Nc4 Nf7 12. O-O Rb8 13. axb6 axb6 14. Nfd2 O-O 15. Qe2 Nd6 16. Nxd6 Qxd6 17. Ra6 Bc8 18. Ra7 Rb7 19. Ra3 f5 20. f3 f4 21. Bf2 g5 22. Rfa1 h5 23. Nf1 Rbf7 24. Nh2 Qg6 25. Ra8 Qd6 26. b3 Rf6 27. Kf1 Rg6 28. Ke1 Kh7 29. Kd2 Be6 30. Kc3 Rgf6 31. Kb2 R6f7 32. R1a6 Rb7 33. R8a7 Qc7 34. Rxb7 Qxb7 35. Ra1 Bf6 36. Qd1 Rb8 37. Qb1 Qd7 38. Qa2 Qe7 39. Qa7 Rb7 40. Qa8 Kg7 41. Ra6 Qc7 42. Qe8 Bf7 43. Qa8 Bd8 44. Ra1 Be7 45. Ra2 b5 46. Nf1 c4 47. d4 cxb3 48. cxb3 Bf6 49. d5 cxd5 50. Ra7 Rxa7 51. Qxa7 Qxa7 52. Bxa7 dxe4 53. fxe4 Be7 54. Kc3 Be6 55. Nd2 g4 56. hxg4 hxg4 57. Bb8 Kf6 58. Ba7 Bd7 59. Bb6 Bc6 60. Ba7 Ke6 61. Bb6 Bh4 62. Kd3 Be1 63. Ba5 f3 64. gxf3 gxf3 65. Bb4 Bxe4+ 66. Kxe4 f2 67. Bc5 Bxd2 68. Bxf2 Kd6 69. Bg1 Bb4 70. Ba7 Bc3 71. Bf2 Bb2 72. Be3 Kc6 73. Bf2 Ba1 74. Bg1 Kd6 75. Bf2 Bc3 76. Bg1 Bd2 77. Bf2 Bc3 78. Bg1 Kc6 79. Bf2 Kb7 80. Bg3 Kb6 81. b4 Bxb4 82. Bxe5 Ka5 83. Kd3 Ka4 84. Kc2 Ka3 85. Kb1 Kb3 86. Bf6 Bc3 87. Be7 Be5 88. Bf8 Bc3 89. Be7 Bb4 90. Bxb4 Kxb4 91. Kb2 Kc4 92. Kc2 Kc5 93. Kc3 b4+ 94. Kb3 Kb5 95. Kb2 Kc4 96. Kc2 b3+ 97. Kb2 Kb4 98. Kb1 Kc3 99. Kc1 b2+ 100. Kb1 Kb3 1/2-1/2

[Event "XIV Closed IM BCC 2021"]
[Site "Barcelona"]
[Date "2021.05.09"]
[Round "6.5"]
[White "Dalaud, Dorian"]
[Black "Kuhn, Clement"]
[Result "1-0"]
[ECO "C00"]
[WhiteElo "2306"]
[BlackElo "2252"]
[Annotator "NA"]
[PlyCount "113"]
[EventDate "2021.05.03"]
[EventType "tourn"]
[EventCountry "ESP"]
[SourceTitle "playchess.com"]
[Source "ChessBase"]
[SourceQuality "1"]
[TimeControl "5400+30"]

1. e4 e6 2. c4 d5 3. exd5 exd5 4. cxd5 Nf6 5. Bb5+ Bd7 6. Bc4 Bd6 7. Qe2+ Be7 8. Nc3 O-O 9. Nf3 Bg4 10. h3 Bh5 11. g4 Re8 12. d4 Bd6 13. Ne5 Nfd7 14. Be3 Bg6 15. Nxg6 fxg6 16. O-O-O Nb6 17. Bb3 a5 18. a3 a4 19. Ba2 N8d7 20. h4 Nf6 21. h5 g5 22. h6 Qd7 23. hxg7 Qxg7 24. Qf3 Re7 25. Rh3 Rf8 26. Qg2 Kf7 27. Rdh1 Ke8 28. Rh6 Kd8 29. Qg1 Kc8 30. Qd1 Kb8 31. R6h3 Qg8 32. Rf3 Bf4 33. Bxf4 gxf4 34. Rxf4 Qg5 35. Qd2 Rfe8 36. Rf5 Qxd2+ 37. Kxd2 Ne4+ 38. Kd3 Nxc3 39. Kxc3 Re4 40. Re5 R8xe5 41. dxe5 Rxe5 42. Rxh7 Re1 43. g5 Rg1 44. f4 Rg3+ 45. Kd4 Rg2 46. Bc4 Rd2+ 47. Bd3 Rg2 48. g6 Rg4 49. Ke5 Rg3 50. Kd4 Rg4 51. Rf7 Ka7 52. Rxc7 Rxf4+ 53. Ke5 Rg4 54. d6 Rg1 55. Be4 Ka6 56. Bxb7+ Ka5 57. Ke4 1-0

[Event "XIV Closed IM BCC 2021"]
[Site "Barcelona"]
[Date "2021.05.10"]
[Round "7.2"]
[White "Perez Perez, Gabriel"]
[Black "Dalaud, Dorian"]
[Result "1/2-1/2"]
[ECO "B22"]
[WhiteElo "2079"]
[BlackElo "2306"]
[Annotator "NA"]
[PlyCount "98"]
[EventDate "2021.05.03"]
[EventType "tourn"]
[EventCountry "ESP"]
[SourceTitle "playchess.com"]
[Source "ChessBase"]
[SourceQuality "1"]
[TimeControl "5400+30"]

1. e4 c5 2. c3 d5 3. exd5 Qxd5 4. d4 Nc6 5. Nf3 Bf5 6. Be3 cxd4 7. Nxd4 Nf6 8. Nxf5 Qxf5 9. Bd3 Qd5 10. O-O O-O-O 11. Be2 Qxd1 12. Rxd1 Rxd1+ 13. Bxd1 Nd5 14. Nd2 Nxe3 15. fxe3 e6 16. Nc4 Kc7 17. a4 Bd6 18. Bf3 Ne5 19. Nxe5 Bxe5 20. Rd1 h5 21. h3 g5 22. e4 Bg3 23. Be2 a6 24. Rf1 Rh7 25. Rf3 Bf4 26. h4 Bc1 27. hxg5 Bxb2 28. Rh3 h4 29. g3 Bxc3 30. gxh4 Be1 31. h5 Bd2 32. Rg3 Rg7 33. h6 Rxg5 34. Rxg5 Bxg5 35. h7 Bf6 36. Bh5 Bd4+ 37. Kg2 b5 38. axb5 axb5 39. Bxf7 Kd6 40. Be8 b4 41. Ba4 Bh8 42. Bb3 e5 43. Kf3 Kc5 44. Ke3 Kb5 45. Kd3 Bf6 46. Bc2 Kc5 47. Ba4 Bh8 48. Bc2 Bg7 49. Bd1 Bh8 1/2-1/2